 Dungeon Crawl Stone Soup version 0.29-a0-25-g7f48f510a0 (webtiles) character file.

Game seed: 4116243778846522173

46 Nattfarinn the Grave Robber (level 3, -5/37 HPs)
             Began as an Ogre Necromancer on Jan 31, 2022.
             Slain by an ice beast (7 damage)
             ... on level 3 of the Dungeon.
             The game lasted 00:02:08 (2366 turns).

Nattfarinn the Grave Robber (Ogre Necromancer)      Turns: 2366, Time: 00:02:09

Health: -5/37      AC:  3    Str: 14    XL:     3   Next: 66%
Magic:  3/7        EV:  9    Int: 16    God:
Gold:   76         SH:  0    Dex:  9    Spells: 6/8 levels left

rFire   . . .      SeeInvis .   e - +0 short sword
rCold   . . .      Faith    .   (no shield)
rNeg    . . .      Spirit   .   a - +0 robe
rPois   .          Reflect  .   (helmet restricted)
rElec   .          Harm     .   (no cloak)
rCorr   .          Rampage  .   (gloves unavailable)
Will    .....                   (boots unavailable)
Stlth   +.........              (no amulet)
HPRegen 0.12/turn               (no ring)
MPRegen 0.10/turn               (no ring)

@: no status effects
A: large, unfitting armour, tough skin 1
a: no special abilities


You were on level 3 of the Dungeon.
You visited 1 branch of the dungeon, and saw 3 of its levels.

You collected 76 gold pieces.

Inventory:

Hand Weapons
 e - a +0 short sword (weapon)
Armour
 a - a +0 robe (worn)
Jewellery
 l - a ring of positive energy
Scrolls
 b - a scroll of holy word {unknown}
 i - a scroll of fear {unknown}
 m - 2 scrolls of blinking {unknown}
 n - a scroll of fog {unknown}
 p - a scroll of enchant weapon {unknown}
Potions
 c - a potion of cancellation {unknown}
 d - a potion of experience {unknown}
 f - a potion of resistance {unknown}
 g - a potion of attraction {unknown}
 h - 2 potions of might {unknown}
 j - a potion of lignification {unknown}
 k - a potion of haste {unknown}
 o - a potion of degeneration {unknown}


   Skills:
 * Level 3.4 Fighting
 - Level 1.7 Dodging
 - Level 1.4 Stealth
 + Level 3.2 Spellcasting
 - Level 3.6 Necromancy


You had 6 spell levels left.
You knew the following spells:

 Your Spells              Type           Power      Damage    Failure   Level
a - Pain                  Necr           56%        1d6       4%          1
b - Animate Skeleton      Necr           28%        N/A       4%          1

Your spell library contained the following spells:

 Spells                   Type           Power      Damage    Failure   Level
 Vampiric Draining        Necr           14%        2d7       13%         3
 Animate Dead             Necr           7%         N/A       38%         4
 Agony                    Necr           14%        N/A       75%         5


Dungeon Overview and Level Annotations

Branches:
Dungeon (3/15)

Altars:


Innate Abilities, Weirdness & Mutations

You are too large for most types of armour.
You have tough skin. (AC +1)


Message History

The goblin writhes in agony.
The goblin barely resists.
The goblin hits you with a +0 club.
The goblin barely resists.
The goblin closely misses you.
A goblin is nearby!
You closely miss the goblin.
The goblin is moderately wounded.
The goblin hits you with a +0 club.
You barely miss the goblin.
The goblin is moderately wounded.
The goblin barely misses you.
You hit the goblin.
You kill the goblin!
Things that are here:
a +0 club; a goblin corpse
Found a stone staircase leading down.
There is a stone staircase leading down here.
An ice beast comes into view.
Found a dagger.
The ice beast moves out of view.
A ball python comes into view.
The ice beast struggles to resist.
The ice beast writhes in agony.
The ice beast hits you. The ice beast freezes you.
The ice beast writhes in agony.
The ball python hisses angrily.
The ice beast hits you but does no damage.
The ice beast writhes in agony.
The ice beast hits you. The ice beast freezes you!
You are too injured to fight recklessly!
You are too injured to fight recklessly!
You hit the ice beast.
The ice beast is heavily wounded.
The ice beast hits you. The ice beast freezes you!
* * * LOW HITPOINT WARNING * * *
You closely miss the ice beast.
The ice beast is heavily wounded.
The ice beast hits you but does no damage.
The ice beast hits you.
* * * LOW HITPOINT WARNING * * *
The ice beast freezes you!
You die...

.# ##.# . ...## .#
#...# .. #.#.#
####. #>#.#
......#####.#.#
#....SY@..>.#.####
#)....####.......#
#.... #.##)##.#
#... #.##.##.# ###
#(...##.#
#..####.#
##...###.#
#.#####........#
##
.............###
#..


You could see an ice beast and a ball python.

Vanquished Creatures
  An adder (D:3)
  A worm (D:2)
  A dart slug (D:2)
  3 orcs
  A ball python (D:2)
  2 endoplasms (D:1)
  A giant cockroach (D:1)
  2 hobgoblins (D:2)
  2 kobolds (D:1)
  3 quokkas (D:2)
  2 bats (D:1)
  3 frilled lizards (D:1)
  3 goblins
  A rat (D:2)
26 creatures vanquished.

Notes
Turn   | Place    | Note
-------+----------+-------------------------------------------
     0 | D:1      | Nattfarinn the Ogre Necromancer began the quest for the
                  | Orb.
     0 | D:1      | Reached XP level 1. HP: 16/16 MP: 3/3
   144 | D:1      | Reached skill level 1 in Fighting
   236 | D:1      | Reached XP level 2. HP: 13/28 MP: 1/5
   471 | D:1      | Found a faded altar of an unknown god.
  1576 | D:2      | Reached XP level 3. HP: 22/36 MP: 1/7
  2201 | D:2      | Learned a level 1 spell: Animate Skeleton
  2359 | D:3      | Noticed an ice beast
  2366 | D:3      | Slain by an ice beast

Illustrated notes

Levels and vault maps discovered:
D:1:      minmay_arrival_plants_in_alcoves, layout_basic,
          shapermc_ecumenical_altar_mp_highgroup, minivault_26,
          serial_bayou_pond_e, chequers_avenue
D:2:      layout_loops_cross
D:3:      layout_loops_cross

Skill      XL: |  1  2  3 |
---------------+----------+-----
Fighting       | 1 2 3 |  3.4
Spellcasting   | 3 |  3.2
Dodging        | |  1.7
Stealth        | |  1.4
Necromancy     | |  3.6

Action                   || total
-------------------------++-------
Melee: Short sword       ||    22
 Cast: Pain              ||    71
Armor: Robe              ||     8
Dodge: Dodged            ||    15

Table legend: (Time is in decaauts)
 A = Elapsed time spent in this place.
 B = Non-inter-level travel time spent in this place.
 C = Inter-level travel time spent in this place.
 D = Time resting spent in this place.
 E = Time spent auto-exploring this place.
 F = Levels seen in this place.
 G = Mean time per level.
                   A        B        C        D        E       F      G
               +--------+--------+--------+--------+--------+-----+--------+
         Total |   2369 |   2314 |     55 |    181 |   1862 |   3 |  789.7 |
       Dungeon |   2369 |   2314 |     55 |    181 |   1862 |   3 |  789.7 |
               +--------+--------+--------+--------+--------+-----+--------+

Top non-repeatable levels by time:
     D:1: 1119 daAuts
     D:2: 1078 daAuts
     D:3: 171 daAuts
